 Dungeon Crawl Stone Soup version 0.28.0 (webtiles) character file.

Game seed: 715300842512762327

2832 fiver49 the Cleaver (level 9, -6/70 HPs)
             Began as a Ghoul Delver on Feb 6, 2022.
             Was a Priest of Okawaru.
             Mangled by a gnoll (7 damage)
             ... on level 8 of the Dungeon.
             The game lasted 00:24:22 (10198 turns).

fiver49 the Cleaver (Ghoul Delver)                 Turns: 10198, Time: 00:24:23

Health: -6/70      AC:  3    Str: 20    XL:     9   Next: 73%
Magic:  8/8        EV: 10    Int:  5    God:    Okawaru [***...]
Gold:   284        SH:  5    Dex: 12    Spells: 8/8 levels left

rFire   + . .      SeeInvis .   a - +1 hand axe (venom)
rCold   + . .      Faith    .   A - +2 buckler of Oxiaricw {rPois rF+ Dex+2}
rNeg    + + +      Spirit   .   m - +0 ring mail
rPois   ∞          Reflect  .   O - +0 helmet
rElec   .          Harm     .   (no cloak)
rCorr   .          Rampage  .   (no gloves)
Will    .....                   h - +0 pair of boots
Stlth   ++........              (no amulet)
HPRegen 0.00/turn               (no ring)
MPRegen 0.11/turn               (no ring)

@: corroded, inhibited regen
A: claws 1, cold resistance 1, negative energy resistance 3, inhibited
regeneration, torment resistance 2
a: Renounce Religion, Heroism


You were on level 8 of the Dungeon.
You worshipped Okawaru.
Okawaru was most pleased with you.
You visited 2 branches of the dungeon, and saw 9 of its levels.
You also visited: Bailey.

You collected 284 gold pieces.

Inventory:

Hand Weapons
 a - a +1 hand axe of venom (weapon)
   (You took it off an orc warrior on level 6 of the Dungeon)
 b - a +0 hand axe of electrocution
   (You took it off an orc on level 4 of the Dungeon)
 B - a +0 war axe
   (You took it off an orc on level 5 of the Dungeon)
Missiles
 k - 8 poisoned darts (quivered)
 v - a silver boomerang
 y - 12 boomerangs
 G - a curare-tipped dart
Armour
 h - a +0 pair of boots (worn)
   (You found it on level 5 of the Dungeon)
 m - a +0 ring mail (worn)
   (You found it on level 1 of the Dungeon)
 w - a +0 leather armour
 A - the +2 buckler of Oxiaricw (worn) {rPois rF+ Dex+2}
   (You acquired it on level 4 of the Dungeon)

   Dex:       It affects your dexterity (+2).
   rF:        It protects you from fire.
   rPois:     It protects you from poison.
 K - a +0 tower shield
   (You found it on level 7 of the Dungeon)
 O - a +0 helmet (worn)
   (You found it on level 7 of the Dungeon)
Jewellery
 C - an amulet of magic regeneration
   (You found it on level 5 of the Dungeon)
 J - a ring of magical power
   (You took it off an orc on level 6 of the Dungeon)
Wands
 g - a wand of digging (7)
 p - a wand of acid (4)
   (You found it on level 2 of the Dungeon)
 D - a wand of iceblast (9)
   (You found it on level 5 of the Dungeon)
 I - a wand of flame (7)
   (You found it on level 6 of the Dungeon)
Scrolls
 c - a scroll of fog
 j - 6 scrolls of enchant weapon
 n - a scroll of teleportation {unknown}
 q - 4 scrolls of identify
 t - a scroll of brand weapon {unknown}
 E - a scroll of blinking {unknown}
 F - 3 scrolls of vulnerability
 N - a scroll of amnesia {unknown}
Potions
 f - a potion of haste
 i - 2 potions of brilliance
 l - 2 potions of curing
 r - 2 potions of lignification
 u - a potion of might
 x - a potion of flight {unknown}
 z - a potion of heal wounds {unknown}
 L - 2 potions of degeneration {unknown}
 M - 2 potions of cancellation {unknown}


   Skills:
 - Level 3.2 Fighting
 + Level 12.1 Axes
 - Level 1.7 Dodging
 - Level 5.4 Stealth


You had 8 spell levels left.
You didn't know any spells.
Your spell library contained the following spells:

 Spells                   Type           Power      Damage    Failure   Level
 Anguish                  Hex/Necr       0%         N/A       100%        4
 Enfeeble                 Hex            0%         N/A       100%        7
 Tukima's Dance           Hex            Unusable   N/A       N/A         3

Dungeon Overview and Level Annotations

Branches:
Dungeon (8/15)             Temple (1/1) D:4          Bailey (visited)
   Lair: D:8-11

Altars:
Ashenzari
Cheibriados
Elyvilon
Fedhas
Gozag
Hepliaklqana
Kikubaaqudgha
Makhleb
Nemelex Xobeh
Okawaru
Qazlal
Ru
Sif Muna
Uskayaw
Vehumet
Wu Jian
Xom
Yredelemnul
Zin
The Shining One

Annotations:
D:3 1 runed translucent door, Jase's ghost, amateur GnWn
D:4 3 runed translucent doors, themarg's ghost, amateur GnWn
D:6 exclusions: door and 4 more exclusions
D:7 3 runed translucent doors, Arex's ghost, novice TrCA


Innate Abilities, Weirdness & Mutations

You thrive by killing the living.
You are immune to poison.
You have sharp fingernails.
Your flesh is cold resistant. (rC+)
You are immune to negative energy. (rN+++)
You do not regenerate when monsters are visible.
You are immune to unholy pain and torment.


Message History

There is a stone staircase leading down here.
You climb downwards.
You hear the hiss of flowing sand.
There is an entrance to an ossuary on this level.
Hurry and find it before the portal is buried!
Found 24 gold pieces.
Found two stone staircases leading down.
There is a stone staircase leading up here.
You now have 271 gold pieces (gained 11).
You now have 284 gold pieces (gained 13).
A bullfrog comes into view.
The bullfrog croaks.
You hear a shout!
The bullfrog closely misses you.
You slash the bullfrog!
The bullfrog is poisoned.
The bullfrog is heavily wounded.
The bullfrog barely misses you.
You closely miss the bullfrog.
The bullfrog is heavily wounded.
The bullfrog barely misses you.
You hit the bullfrog.
The bullfrog is almost dead.
The bullfrog hits you but does no damage.
You barely miss the bullfrog.
The bullfrog is almost dead.
You block the bullfrog's attack.
A gnoll comes into view. It is wielding a +0 flail.
You slash the bullfrog!
You kill the bullfrog!
Okawaru accepts your kill.
You throw a poisoned dart. The poisoned dart hits the gnoll.
The gnoll is poisoned.
A gnoll comes into view. It is wielding a +0 flail.
A gnoll comes into view. It is wielding a +0 club.
The gnoll moves out of view.
You see here a bullfrog corpse.
An acid dragon comes into view.
A gnoll comes into view. It is wielding a +0 halberd.
The gnoll hits you with a +0 flail.
The gnoll shouts! x2
You hit the gnoll.
The gnoll looks even sicker.
The gnoll is severely wounded.
You hear a shout!
You hear a roar!
A gnoll shaman comes into view. It is wielding a +0 club.
The gnoll closely misses you.
You hear a loud, deep croak!
The gnoll shaman shouts!
You completely miss the gnoll.
The gnoll is severely wounded.
You hear a loud, deep croak!
The gnoll hits you with a +0 flail.
You slash the gnoll!
You kill the gnoll!
Okawaru accepts your kill.
You feel better.
Found a scroll labelled NAWAEX BYCHOTU.
A bullfrog comes into view.
The gnoll hits you with a +0 flail!
Things that are here:
a +0 flail; a gnoll corpse You hit the gnoll but do no damage.
The gnoll is poisoned.
The gnoll hits you but does no damage. You block the gnoll's attack.
You slash the gnoll!
The gnoll looks as sick as possible!
The gnoll is severely wounded.
The gnoll hits you from afar with a +0 halberd.
The gnoll hits you but does no damage.
You closely miss the acid dragon. You barely miss the gnoll.
The acid dragon closely misses you. The acid dragon barely misses you.
The gnoll barely misses you. The gnoll closely misses you.
You hit the acid dragon but do no damage.
You barely miss the gnoll. The acid dragon completely misses you.
The acid dragon barely misses you.
You hit the acid dragon.
The acid dragon is lightly wounded.
You barely miss the gnoll.
The gnoll hits you from afar with a +0 halberd!
The gnoll closely misses you.
You barely miss the acid dragon.
The acid dragon is lightly wounded.
You barely miss the gnoll. The acid dragon spits acid at you.
The splash of acid hits you!!
* * * LOW HITPOINT WARNING * * *
The acid corrodes you! You block the gnoll's attack.
The gnoll closely misses you.
You hear a croak.
An orc comes into view. It is wielding a +0 hand axe.
The orc shouts!
You kill the gnoll!
Okawaru accepts your kill.
The orc moves out of view.
As you read the scroll of fear, it crumbles to dust.
You assume a fearsome visage.
The gnoll shaman looks frightened!
The acid dragon looks frightened!
A bullfrog comes into view.
The gnoll hits you from afar with a +0 halberd!
* * * LOW HITPOINT WARNING * * *
Cornered, the acid dragon turns to fight!
There is a stone staircase leading up here.
You hear the slow hiss of an avalanche of sand nearby.
The bullfrog barely misses you.
The gnoll hits you from afar with a +0 halberd!
You die...

#. #.# #.# #.# #.## #.#
###..###.# #........#
#>##.##..##
#.........##########
##.##...>@FgD........#
#.............g.###(.###
#..###.......†o.F)......
#............##.#.#.###.
#..####.....###.#F#
#...........# #..?#
......#...#.# ###o#
#.###.##.##... F# #
#.####.# .F


You could see an acid dragon, 2 bullfrogs, 2 gnolls and an orc.

Vanquished Creatures
  A water moccasin (D:6)
  Duvessa (D:7)
  2 orc warriors
  A black bear (D:5)
  A sky beast (D:6)
  2 ogres
  A centaur (D:6)
  3 phantoms (D:5)
  2 kobold brigands
  2 bullfrogs
  2 scorpions
  A wyvern skeleton (D:6)
  A water moccasin skeleton (D:6)
  Dowan (D:7)
  A howler monkey (D:4)
  A bullfrog zombie (D:4)
  5 hounds
  2 jellies (D:6)
  2 orc priests
  3 bullfrog skeletons
  3 iguanas
  7 orc wizards
  2 killer bee zombies
  21 gnolls
  16 adders
  A howler monkey skeleton (D:6)
  2 white imps
  An ufetubus (D:6)
  3 dart slugs
  28 orcs
  11 endoplasms
  6 giant cockroaches
  16 hobgoblins
  6 jackals
  4 quokkas
  5 ball pythons
  9 bats
  6 frilled lizards
  17 goblins
  11 kobolds
  3 rats
213 creatures vanquished.

Vanquished Creatures (others)
  8 plants (D:6)
8 creatures vanquished.

Grand Total: 221 creatures vanquished

Notes
Turn   | Place    | Note
-------+----------+-------------------------------------------
     0 | D:5      | fiver49 the Ghoul Delver began the quest for the Orb.
     0 | D:5      | Reached XP level 1. HP: 19/19 MP: 0/0
    17 | D:5      | Reached skill level 2 in Axes
    17 | D:5      | Reached XP level 2. HP: 12/26 MP: 1/1
    57 | D:5      | Noticed a phantom
    84 | D:5      | Noticed a howler monkey
   121 | D:4      | Found a runed translucent gate.
   409 | D:3      | Reached skill level 3 in Axes
   568 | D:3      | Found a faded altar of an unknown god.
   605 | D:3      | Reached XP level 3. HP: 31/31 MP: 2/2
   929 | D:3      | Found a runed translucent door.
   930 | D:3      | Noticed Jase's ghost (amateur GnWn)
  1076 | D:2      | Reached XP level 4. HP: 38/38 MP: 3/3
  1207 | D:1      | Reached skill level 4 in Axes
  2419 | D:3      | Reached XP level 5. HP: 45/45 MP: 4/4
  3206 | D:4      | Reached skill level 5 in Axes
  3417 | D:4      | HP: 8/45 [iguana (7)]
  3425 | D:4      | HP: 7/45 [bullfrog zombie (1)]
  3780 | D:4      | Noticed an ogre
  3911 | D:4      | Reached XP level 6. HP: 49/51 MP: 5/5
  4019 | D:4      | Found a staircase to the Ecumenical Temple.
  4034 | D:4      | Reached skill level 6 in Axes
  4056 | Temple   | Entered the Ecumenical Temple
  4212 | Temple   | Became a worshipper of Warmaster Okawaru
  4371 | D:4      | Found a runed translucent gate.
  4371 | D:4      | Noticed themarg's ghost (amateur GnWn)
  4372 | D:4      | Found a runed translucent gate.
  4431 | D:4      | Reached XP level 7. HP: 48/57 MP: 6/6
  4557 | D:4      | Reached skill level 7 in Axes
  5034 | D:5      | Identified a scroll of acquirement
  5037 | D:4      | Acquired the +2 buckler of Oxiaricw {rPois rF+ Dex+2}
  5056 | D:5      | Reached * piety under Okawaru
  5105 | D:5      | Reached skill level 8 in Axes
  5158 | D:5      | Found a faded altar of an unknown god.
  5158 | D:5      | Found a shimmering altar of Xom.
  5166 | D:5      | Found a sparkling altar of Nemelex Xobeh.
  5168 | D:5      | Found a faded altar of an unknown god.
  5206 | D:5      | Reached XP level 8. HP: 45/63 MP: 7/7
  5968 | D:6      | Reached skill level 9 in Axes
  6187 | D:6      | Reached ** piety under Okawaru
  6400 | D:6      | Noticed a cyclops
  6721 | D:6      | Reached skill level 10 in Axes
  6770 | D:6      | HP: 14/63 [orc warrior (11)]
  7374 | D:6      | HP: 15/63 [bullfrog skeleton (3)]
  7376 | D:6      | Reached XP level 9. HP: 17/70 MP: 8/8
  7679 | D:6      | HP: 15/70 [wyvern skeleton (11)]
  8579 | D:7      | Reached skill level 11 in Axes
  8667 | D:7      | Reached *** piety under Okawaru
  9073 | D:7      | Noticed Dowan
  9106 | D:7      | Killed Dowan
  9108 | D:7      | Noticed Duvessa
  9118 | D:7      | Killed Duvessa
  9126 | D:7      | Found a flagged portal.
  9132 | Bailey   | Entered a bailey
  9413 | Bailey   | HP: 13/70 [gnoll sergeant (8)]
  9796 | D:7      | Reached skill level 12 in Axes
  9941 | D:7      | Found a runed translucent gate.
  9941 | D:7      | Found a runed translucent gate.
  9941 | D:7      | Found a runed translucent gate.
  9941 | D:7      | Noticed Arex's ghost (novice TrCA)
 10189 | D:8      | HP: 13/70 [acid dragon/splash of acid (29)]
 10192 | D:8      | HP: 1/70 [gnoll (12)]
 10198 | D:8      | Mangled by a gnoll

Illustrated notes

Levels and vault maps discovered:
D:1:      dpeg_arrival_tiny_j, layout_rooms, chequers_serial_rivers_micro_d
D:2:      layout_loops_ring, minmay_quantized
D:3:      cheibrodos_greedy_goblins, layout_basic, lemuel_round_altar,
          ebering_ghost_reflecting_pool, dilly_ecumenical_altar_fadedgnrine,
          st_stairs_4
D:4:      layout_loops_ring, minmay_temple_entry_junction, gammafunk_ghost_split
D:5:      layout_rooms, chequers_temple_overflow_minitemple
D:6:      kennysheep_windowed_halls, layout_loops_ring, chequers_big_river
D:7:      layout_basic, gammafunk_ghost_necromancy, enter_bailey_4, uniq_duvessa
D:8:      layout_loops_ring, gammafunk_temple_overflow_wave,
          nicolae_ossuary_entry_monument, centaur_isle
Temple:   compressed_dpeg_circular_temple

Skill      XL: |  1  2  3  4  5  6  7  8  9 |
---------------+----------------------------+-----
Axes           | 2 3 4 5 6 8 10 12 | 12.1
Fighting       | |  3.2
Dodging        | |  1.7
Stealth        | |  5.4

Action                   |  1- 3 |  4- 6 |  7- 9 || total
-------------------------+-------+-------+-------++-------
Melee: Hand axe          |    98 |   287 |   425 ||   810
       Punch             |     2 |     1 |       ||     3
Throw: Dart              |       |     7 |    11 ||    18
Invok: Heroism           |       |       |     2 ||     2
Evoke: Wand              |       |       |     7 ||     7
  Use: Scroll            |       |       |    11 ||    11
       Potion            |       |       |     2 ||     2
 Stab: Sleeping          |     4 |    12 |     1 ||    17
       Distracted        |       |     1 |       ||     1
Armor: Leather armour    |    24 |     5 |       ||    29
       Ring mail         |       |    87 |   116 ||   203
Dodge: Dodged            |    59 |   153 |   168 ||   380
Block: Buckler           |       |       |    77 ||    77

Table legend: (Time is in decaauts)
 A = Elapsed time spent in this place.
 B = Non-inter-level travel time spent in this place.
 C = Inter-level travel time spent in this place.
 D = Time resting spent in this place.
 E = Time spent auto-exploring this place.
 F = Levels seen in this place.
 G = Mean time per level.
                   A        B        C        D        E       F      G
               +--------+--------+--------+--------+--------+-----+--------+
         Total |  10169 |   9868 |    301 |   2271 |   5324 |  10 | 1016.9 |
       Dungeon |   9659 |   9368 |    291 |   2040 |   5207 |   8 | 1207.4 |
        Temple |    171 |    161 |     10 |      0 |    117 |   1 |  171.0 |
        Bailey |    338 |    338 |      0 |    231 |      0 |   1 |  338.0 |
               +--------+--------+--------+--------+--------+-----+--------+

Top non-repeatable levels by time:
     D:6: 2786 daAuts
     D:3: 2130 daAuts
     D:7: 1224 daAuts
     D:4: 1141 daAuts
     D:2: 928 daAuts
     D:5: 847 daAuts
     D:1: 550 daAuts
  Bailey: 338 daAuts
  Temple: 171 daAuts
     D:8: 49 daAuts

Table legend:
 A = Kills in this place as a percentage of kills in entire the game.
 B = Kills by you in this place as a percentage of kills by you in the entire game.
 C = Kills by friends in this place as a percentage of kills by friends in the entire game.
 D = Other kills in this place as a percentage of other kills in the entire game.
 E = Experience gained in this place as a percentage of experience gained in the entire game.
 F = Experience gained in this place divided by the number of levels of this place that you have seen.
                   A       B       C       D       E      F
               +-------+-------+-------+-------+-------+----------------------
         Total | 100.0 | 100.0 |   N/A |   N/A | 100.0 | 404.6
       Dungeon |  95.3 |  95.3 |   N/A |   N/A |  95.0 | 480.6
        Bailey |   4.7 |   4.7 |   N/A |   N/A |   5.0 | 201.0
               +-------+-------+-------+-------+-------+----------------------
